 Dungeon Crawl Stone Soup version 0.23-a0-641-g0a7f1ce553 (webtiles) character file.

398 HereIgoKillingAgain the Slasher (level 6, 0/44 HPs)
             Began as a Demonspawn Gladiator on Dec 30, 2018.
             Shot with an arrow by a centaur (5 damage)
             ... on level 4 of the Dungeon.
             The game lasted 00:04:38 (3166 turns).

HereIgoKillingAgain the Slasher (DsGl)              Turns: 3166, Time: 00:04:39

Health: 0/44       AC:  6    Str: 12    XL:     6   Next: 53%
Magic:  0/6        EV: 12    Int: 13    God:
Gold:   155        SH:  0    Dex: 13    Spells: 5/5 levels left

rFire    . . .     SeeInvis .   a - +0 long sword
rCold    . . .     Gourm    .   (no shield)
rNeg     . . .     Faith    .   b - +0 leather armour
rPois    .         Spirit   +   c - +0 helmet
rElec    .         Reflect  .   e - scarf {Spirit}
rCorr    .         Harm     .   (no gloves)
MR       .....                  (no boots)
Stlth    ++........             (no amulet)
HPRegen  0.14/turn              (no ring)
MPRegen  0.10/turn              (no ring)

@: no status effects
A: talons 1, iridescent scales 1, clever 1, clumsy 1, nightstalker 1, weak 1, no
potion heal 1
a: no special abilities


You were on level 4 of the Dungeon.
You were not hungry.

You visited 1 branch of the dungeon, and saw 4 of its levels.
You also visited: Ossuary.

You collected 155 gold pieces.

Inventory:

Hand Weapons
 a - a +0 long sword (weapon)
Missiles
 d - 2 throwing nets (quivered)
Armour
 b - a +0 leather armour (worn)
 c - a +0 helmet (worn)
 e - a scarf of spirit shield (worn)
Scrolls
 g - a scroll of identify
 l - a scroll of fear
 m - a scroll of teleportation {unknown}
 o - 2 scrolls of noise {unknown}
 q - 4 scrolls of remove curse {unknown}
 s - 3 scrolls of random uselessness {unknown}
 t - 3 scrolls of immolation {unknown}
Potions
 h - a potion of flight
 i - 5 potions of curing {unknown}
 j - 2 potions of lignification
 k - 2 potions of resistance {unknown}
 n - 8 potions of degeneration {unknown}
 p - 2 potions of heal wounds {unknown}
 r - a potion of haste {unknown}
 u - a potion of invisibility {unknown}
Comestibles
 f - 2 rations


   Skills:
 - Level 2.0 Fighting
 + Level 6.8 Long Blades
 - Level 1.7 Throwing
 - Level 2.6 Dodging


You had 5 spell levels left.
You didn't know any spells.
Your spell library was empty.

Dungeon Overview and Level Annotations

Branches:
Dungeon (4/15)
 Temple: D:4-7

Altars:


Innate Abilities, Weirdness & Mutations

You have sharp toenails.
You are partially covered in iridescent scales. (AC +2)
You are slightly more attuned to the shadows.
Your mind is acute. (Int +2)
You are clumsy. (Dex -2)
You are weak. (Str -2)
Potions are less effective at restoring your health.


Message History

You hit the scorpion.
The scorpion is almost dead.
The scorpion barely misses you.
A centaur comes into view.
There are monsters nearby!
The centaur shouts!
You hit the scorpion.
You kill the scorpion!
The centaur wields a +0 shortbow.
The centaur shoots an arrow.
The arrow hits you.
You are too injured to fight recklessly!
You are too injured to fight recklessly!
You are too injured to fight recklessly!
The centaur shoots an arrow.
The arrow hits you.
The centaur shoots an arrow.
The arrow hits you!
* * * LOW HITPOINT WARNING * * *
Things that are here:
an arrow; a scorpion corpse The centaur shoots an arrow.
The arrow hits you.
You die...

*,#.....>..#
*************,#..#######
,,,,,,,,>,,,,,#..#
,*************#..# ,*
#.%# ,* #..#*********
,***********
#.(#*,,,,,,,*
,,,,,,,,,,,*
#.(#*,*****,*
**********,*
#.@#*,*****,* ********
*,* #........**,*
,,,,,,,* *,*
##.##.##[**,* ****
******,* *,*
#.#**#*********,,, *,*
*,* #c#*,*,*,*_*⌠*****
*,* *,* #..8,*,*,*,*,_*
*,* *,* #..,,,,,,,,,,⌠*
#* ******,***,*
*,,,,,,,,,,,,*###.
*,,,,,,,,,,*
*,,8,*,*,*,*,,*...


You could see a centaur.

Vanquished Creatures
  A phantom (D:4)
  A scorpion (D:4)
  A centaur zombie (Ossuary)
  A human zombie (Ossuary)
  A hound skeleton (D:4)
  5 mummies
  2 adders (D:2)
  2 oozes
  3 worms
  A leopard gecko (D:3)
  4 orcs
  2 ball pythons
  4 giant cockroaches
  A gnoll zombie (Ossuary)
  5 goblins
  8 hobgoblins
  6 jackals (D:1)
  A quokka (D:2)
  5 bats
  6 frilled lizards
  A goblin zombie (Ossuary)
  2 hobgoblin zombies (Ossuary)
  15 kobolds
  A kobold zombie (Ossuary)
  2 orc zombies
  10 rats
91 creatures vanquished.

Notes
Turn   | Place    | Note
-------+----------+-------------------------------------------
     0 | D:1      | HereIgoKillingAgain the Demonspawn Gladiator began the
                  | quest for the Orb.
     0 | D:1      | Reached XP level 1. HP: 16/16 MP: 1/1
     9 | D:1      | Reached skill level 3 in Long Blades
    46 | D:1      | Gained mutation: You are slightly more attuned to the
                  | shadows. [demonic ancestry]
    46 | D:1      | Reached XP level 2. HP: 22/22 MP: 2/2
   214 | D:1      | Reached XP level 3. HP: 25/27 MP: 3/3
   277 | D:1      | Reached skill level 4 in Long Blades
   954 | D:2      | Gained mutation: You have sharp toenails. [demonic
                  | ancestry]
   954 | D:2      | Reached XP level 4. HP: 31/33 MP: 4/4
  2156 | D:4      | Noticed a phantom
  2186 | D:4      | Killed a phantom
  2186 | D:4      | Reached skill level 5 in Long Blades
  2186 | D:4      | Gained mutation: You are partially covered in iridescent
                  | scales. (AC +2) [demonic ancestry]
  2186 | D:4      | Reached XP level 5. HP: 17/38 MP: 3/5
  2427 | D:4      | Found a sand-covered staircase.
  2437 | Ossuary  | Entered an ossuary
  2492 | Ossuary  | Reached skill level 6 in Long Blades
  2577 | Ossuary  | Reached XP level 6. HP: 15/44 MP: 3/6
  2584 | Ossuary  | Gained mutation: Your flesh is cold resistant. (rC+)
                  | [potion of mutation]
  2584 | Ossuary  | Gained mutation: You are agile. (Dex +2) [potion of
                  | mutation]
  3015 | Ossuary  | Lost mutation: You are agile. (Dex +2) [potion of mutation]
  3015 | Ossuary  | Lost mutation: Your flesh is cold resistant. (rC+) [potion
                  | of mutation]
  3015 | Ossuary  | Gained mutation: Your muscles are strong. (Str +2) [potion
                  | of mutation]
  3015 | Ossuary  | Gained mutation: You expend magic power (3 MP) to
                  | strengthen your wands. [potion of mutation]
  3016 | Ossuary  | Lost mutation: You expend magic power (3 MP) to strengthen
                  | your wands. [potion of mutation]
  3016 | Ossuary  | Lost mutation: Your muscles are strong. (Str +2) [potion of
                  | mutation]
  3016 | Ossuary  | Gained mutation: You are clumsy. (Dex -2) [potion of
                  | mutation]
  3016 | Ossuary  | Lost mutation: You are clumsy. (Dex -2) [potion of
                  | mutation]
  3016 | Ossuary  | Gained mutation: You can translocate small distances at
                  | will. [potion of mutation]
  3017 | Ossuary  | Lost mutation: You can translocate small distances at will.
                  | [potion of mutation]
  3017 | Ossuary  | Gained mutation: Potions are less effective at restoring
                  | your health. [potion of mutation]
  3017 | Ossuary  | Gained mutation: You are clumsy. (Dex -2) [potion of
                  | mutation]
  3017 | Ossuary  | Gained mutation: You are weak. (Str -2) [potion of
                  | mutation]
  3017 | Ossuary  | Gained mutation: Your mind is acute. (Int +2) [potion of
                  | mutation]
  3166 | D:4      | Shot with an arrow by a centaur

Vault maps used:
D:1:      shiori_arrival_maze, minmay_hexomino_p4
D:4:      minitemple, nicolae_ossuary_entry_giza, first_ration,
          minmay_liquid_box
Ossuary:  ossuary_crypta

Skill      XL: |  1  2  3  4  5 |
---------------+----------------+-----
Long Blades    | 3 4 5 6 |  6.8
Fighting       | |  2.0
Throwing       | |  1.7
Dodging        | |  2.6

Action                   |  1- 3 |  4- 6 || total
-------------------------+-------+-------++-------
Melee: Long sword        |    96 |   156 ||   252
       Kick              |       |    52 ||    52
Throw: Throwing net      |     3 |     1 ||     4
  Use: Scroll            |       |     2 ||     2
       Potion            |       |     6 ||     6
 Stab: Sleeping          |    11 |     9 ||    20
       Distracted        |     1 |     1 ||     2
  Eat: Chunk             |       |     5 ||     5
       Ration            |       |     1 ||     1
Armor: Leather armour    |    28 |    29 ||    57
       Skin              |       |     7 ||     7
Dodge: Dodged            |    69 |    74 ||   143
       Rpst.: Long sword |    24 |    20 ||    44

Table legend:
 A = Non-vault XP
 B = Vault XP
 C = Vault XP percentage of total XP
 D = Non-vault monster count
 E = Vault monster count
 F = Vault count percentage of total count
                 A         B        C        D         E       F
            +---------+---------+-------+---------+---------+-------
      Total |     369 |     200 |  35.1 |      71 |      20 |  22.0
            +---------+---------+-------+---------+---------+-------
        D:1 |      52 |       7 |  11.9 |      28 |       6 |  17.6
        D:2 |      52 |       0 |   0.0 |      16 |       0 |   0.0
        D:3 |      36 |       0 |   0.0 |      17 |       0 |   0.0
        D:4 |     229 |      19 |   7.7 |      10 |       2 |  16.7
    Ossuary |       0 |     174 | 100.0 |       0 |      12 | 100.0
            +---------+---------+-------+---------+---------+-------
